 Dungeon Crawl Stone Soup version 0.30.1 (webtiles) character file.

Game seed: 16385044022125208107

81 AIAndy the Magician (level 4, -1/34 HPs)
             Began as a Djinni Fire Elementalist on July 2, 2023.
             Slain by Crazy Yiuf
             ... wielding a +2 quarterstaff of chaos
              (13 damage)
             ... on level 2 of the Dungeon.
             The game lasted 00:05:49 (1475 turns).

AIAndy the Magician (Djinni Fire Elementalist)      Turns: 1475, Time: 00:05:49

Health: -1/34      AC:  3    Str:  7    XL:     4   Next: 67%
Gold:   79         EV: 12    Int: 19    God:
                   SH:  0    Dex: 13

rFire   + + .        (no weapon)
rCold   . . .        (no shield)
rNeg    . . .        a - +0 robe
rPois   ∞            l - +0 helmet
rElec   .            (no cloak)
rCorr   .            (no gloves)
SInv    .            (boots unavailable)
Will    .....        (no amulet)
Stlth   ++           b - ring of protection from cold
HPRegen 0.25/turn    (no ring)
MPRegen 0.00/turn

%: infuse magic (-2 HP)
@: flying
A: sickness immunity, fire resistance 2, cold vulnerability 1, float, innate
caster, HP casting, extra vitality 1
a: no special abilities


You were on level 2 of the Dungeon.
You visited 1 branch of the dungeon, and saw 2 of its levels.

You collected 79 gold pieces.

Inventory:

Armour
 a - a +0 robe (worn)
 l - a +0 helmet (worn)
Jewellery
 b - a ring of protection from cold (left hand)
Scrolls
 c - a scroll of poison {unknown}
 d - 2 scrolls of magic mapping {unknown}
 e - a scroll of noise {unknown}
 f - a scroll of amnesia {unknown}
 i - a scroll of brand weapon {unknown}
Potions
 g - a potion of resistance {unknown}
 h - 2 potions of flight {unknown}
 j - a potion of lignification {unknown}
 k - 2 potions of curing {unknown}
 m - a potion of brilliance {unknown}
 n - a potion of attraction {unknown}


   Skills:
 + Level 2.3 Fighting
 - Level 2.3 Dodging
 - Level 1.7 Stealth
 + Level 3.2 Spellcasting


You knew the following spells:

 Your Spells              Type           Power      Damage    Failure   Level
a - Foxfire               Conj/Fire      60%        2x1d7     4%          1
b - Scorch                Fire           30%        2d6       6%          2
c - Volatile Blastmotes   Fire/Tloc      30%        2d12      12%         3
d - Inner Flame           Hex/Fire       15%        N/A       12%         3
e - Flame Wave            Conj/Fire      15%        2d7       36%         4
f - Kiss of Death         Conj/Necr      60%        2d10      4%          1
Your spell library was empty.

Dungeon Overview and Level Annotations

Branches:
Dungeon (2/15)

Altars:

Annotations:
D:2 Crazy Yiuf


Innate Abilities, Weirdness & Mutations

You are immune to sickness and miasma.
You are immune to poison.
Your flesh is very heat resistant. (rF++)
You are vulnerable to cold. (rC-)
You float through the air rather than walking.
You learn spells naturally, not from books.
Your magical power is your life essence.
You have superior vitality. (+4 MHP)


Message History

Unknown command.
Unknown command.
As you open the door, it creaks loudly!
Casting: Foxfire (safe; 4% risk of failure)
Confirm with . or Enter, or press ? or * to list all spells.
Flames lash Crazy Yiuf.
Crazy Yiuf is moderately wounded.
Crazy Yiuf's fire resistance burns away.
Crazy Yiuf says, "Walk broken tortoise!"
Crazy Yiuf hits you with a +2 quarterstaff of chaos!
Crazy Yiuf grits, "Gum sizzlefizz broken!"
Crazy Yiuf attacks as you move away!
Crazy Yiuf hits you with a +2 quarterstaff of chaos!
Crazy Yiuf freezes you.
Crazy Yiuf cries, "Cake!"
Casting: Scorch (safe; 6% risk of failure)
Confirm with . or Enter, or press ? or * to list all spells.
You conjure some foxfire!
Crazy Yiuf misses you.
The foxfire hits Crazy Yiuf.
Crazy Yiuf is heavily wounded.
The foxfire hits Crazy Yiuf.
Crazy Yiuf is severely wounded.
Casting: Foxfire (safe; 4% risk of failure)
Confirm with . or Enter, or press ? or * to list all spells.
You conjure some foxfire!
Crazy Yiuf closely misses you.
Your foxfire dissipates!
The foxfire hits Crazy Yiuf but does no damage.
Crazy Yiuf is severely wounded.
Casting: Foxfire (safe; 4% risk of failure)
Confirm with . or Enter, or press ? or * to list all spells.
You conjure some foxfire!
Crazy Yiuf closely misses you.
Your foxfire dissipates!
The foxfire hits Crazy Yiuf but does no damage.
Crazy Yiuf is severely wounded.
Casting: Foxfire (safe; 4% risk of failure)
Confirm with . or Enter, or press ? or * to list all spells.
You conjure some foxfire!
Crazy Yiuf says, "Citrus!
Snurf stair chair."
Crazy Yiuf hits you with a +2 quarterstaff of chaos!
You die...

.# ########.### .#
#.# .# #.# .# #.#
#.# #.####♣♣ ###
#.#..#.♣♣ ♣♣#..)#
#...v...♣♣♣♣.'...#
###v@g...♣..♣#...#
##§#..♣.♣♣♣ ###
###♣♣♣♣♣


You could see Crazy Yiuf (ally target).

Vanquished Creatures
  3 adders (D:2)
  A dart slug (D:2)
  8 ball pythons
  4 endoplasms
  2 giant cockroaches (D:1)
  4 goblins
  3 hobgoblins (D:1)
  3 kobolds
  2 quokkas
  7 bats
  6 frilled lizards
  7 rats
50 creatures vanquished.

Vanquished Creatures (others)
  137 foxfires
137 creatures vanquished.

Grand Total: 187 creatures vanquished

Notes
Turn   | Place    | Note
-------+----------+-------------------------------------------
     0 | D:1      | AIAndy the Djinni Fire Elementalist began the quest for the
                  | Orb.
     0 | D:1      | AIAndy set off with the following spells memorised:
                  | Foxfire, Scorch, Volatile Blastmotes, Inner Flame, Flame
                  | Wave.
     0 | D:1      | Reached XP level 1. HP: 15/15 MP: 0/0
   200 | D:1      | Reached XP level 2. HP: 19/21 MP: 0/0
   406 | D:1      | Reached skill level 1 in Fighting
   600 | D:1      | Reached XP level 3. HP: 25/27 MP: 0/0
   600 | D:1      | Learned a level 1 spell: Kiss of Death
  1143 | D:2      | Reached skill level 3 in Spellcasting
  1174 | D:2      | Reached XP level 4. HP: 30/33 MP: 0/0
  1458 | D:2      | Found a runed translucent door.
  1459 | D:2      | Noticed Crazy Yiuf
  1475 | D:2      | Slain by Crazy Yiuf

Illustrated notes

Levels and vault maps discovered:
D:1:      wander_arrival_chamber, layout_basic
D:2:      layout_rooms, basic_altar, guppyfry_early_lair_pool,
          uniq_crazy_yiuf_cottage

Skill      XL: |  1  2  3  4 |
---------------+-------------+-----
Fighting       | 1 2 |  2.3
Spellcasting   | 3 |  3.2
Dodging        | |  2.3
Stealth        | |  1.7

Action                     |  1- 3 |  4- 6 || total
---------------------------+-------+-------++-------
   Cast: Foxfire           |    56 |    31 ||    87
         Scorch            |       |     1 ||     1
 Armour: Robe              |     2 |       ||     2
  Dodge: Dodged            |     9 |     3 ||    12
